 Dungeon Crawl Stone Soup version 0.28-a0-1387-g3a22ab9bdc (webtiles) character file.

Game seed: 9635514414550650943

14027 Clumpoid the Frost Mage (level 12, -11/136 HPs)
             Began as a Gnoll Ice Elementalist on Jan 2, 2022.
             Was a High Priest of Cheibriados.
             Mangled by a minotaur (35 damage)
             ... in a Gauntlet.
             The game lasted 00:16:30 (12963 turns).

Clumpoid the Frost Mage (Gnoll Ice Elementalist)   Turns: 12963, Time: 00:16:30

Health: -11/136    AC:  8    Str: 19    XL:     12   Next: 12%
Magic:  24/24      EV: 25    Int: 30    God:    Cheibriados [*****.]
Gold:   679        SH:  0    Dex: 28    Spells: 18/28 levels left

rFire   . . .      SeeInvis .   h - +6 spear of Regicide {spect, rN+ rCorr Dex+4}
rCold   . . .      Faith    .   (no shield)
rNeg    + + .      Spirit   .   s - +0 steam dragon scales
rPois   +          Reflect  .   (no helmet)
rElec   +          Harm     .   u - +1 cloak
rCorr   +          Rampage  .   (no gloves)
Will    .....      NoTele   +   (no boots)
Stlth   ..........              j - amulet of magic regeneration
HPRegen 0.32/turn               p - ring "Rugad" {Wiz rElec rPois rN+ Stlth+}
MPRegen 0.59/turn               x - +4 ring of evasion

@: berserking (expiring), very slow
A: fangs 1, strong nose, distributed training
a: Renounce Religion, Bend Time, Temporal Distortion, Slouch, Step From Time


You were in a Gauntlet.
You worshipped Cheibriados.
Cheibriados was extremely pleased with you.
You visited 2 branches of the dungeon, and saw 12 of its levels.
You also visited: Sewer and Gauntlet.

You collected 679 gold pieces.

Inventory:

Hand Weapons
 c - a +1 scimitar of flaming
 h - the +6 spear of Regicide (weapon) {spect, rN+ rCorr Dex+4}
   (You found it on level 3 of the Dungeon)

   When its wielder attacks, the weapon's spirit leaps out and strikes again.
   The spirit shares a part of any damage it takes with its wielder.
   Dex:       It affects your dexterity (+4).
   rN:        It protects you from negative energy.
   rCorr:     It protects you from acid and corrosion.
 r - a +2 broad axe of protection
Missiles
 w - 3 throwing nets
Armour
 s - +0 steam dragon scales (worn)
 u - a +1 cloak (worn)
Jewellery
 j - an amulet of magic regeneration (around neck)
 n - a ring of protection from cold
 p - the ring "Rugad" (left hand) {Wiz rElec rPois rN+ Stlth+}
   (You found it in a Gauntlet)

   [ring of wizardry]

   It improves your spell success rate.
   rElec:     It insulates you from electricity.
   rPois:     It protects you from poison.
   rN:        It protects you from negative energy.
   Stlth:     It makes you more stealthy.
 x - a +4 ring of evasion (right hand)
Wands
 a - a wand of acid (4)
 g - a wand of paralysis (13)
 l - a wand of flame (19)
 q - a wand of iceblast (17)
 v - a wand of polymorph (12)
 z - a wand of charming (3)
Scrolls
 d - 2 scrolls of blinking
 f - 2 scrolls of fog
 i - 5 scrolls of teleportation
 k - a scroll of fear
 m - 5 scrolls of identify
 y - a scroll of amnesia
Potions
 b - 2 potions of berserk rage
 e - a potion of heal wounds
 o - 3 potions of curing
 t - a potion of magic


   Skills:
 + Level 7.3 Fighting
 + Level 7.3 Short Blades
 + Level 7.3 Long Blades
 + Level 7.3 Axes
 + Level 7.3 Maces & Flails
 + Level 7.3 Polearms
 + Level 7.3 Staves
 + Level 7.3 Slings
 + Level 7.3 Bows
 + Level 7.3 Crossbows
 + Level 7.3 Throwing
 + Level 7.3 Armour
 + Level 8.7 Dodging
 + Level 8.5 Stealth
 + Level 7.3 Shields
 + Level 7.3 Unarmed Combat
 + Level 8.9 Spellcasting
 + Level 6.0 Conjurations
 + Level 6.0 Hexes
 + Level 6.0 Summonings
 + Level 6.0 Necromancy
 + Level 6.0 Translocations
 + Level 6.0 Transmutations
 + Level 6.0 Fire Magic
 + Level 9.4 Ice Magic
 + Level 6.0 Air Magic
 + Level 6.0 Earth Magic
 + Level 6.0 Poison Magic
 + Level 8.0 Invocations
 + Level 7.3 Evocations


You had 18 spell levels left.
You knew the following spells:

 Your Spells              Type           Power      Damage    Failure   Level
a - Olgreb's Toxic Radia  Pois           49%        N/A       1%          4
b - Hailstorm             Conj/Ice       56%        3d12      1%          4
c - Ensorcelled Hibernat  Hex/Ice        100%       N/A       1%          2

Your spell library contained the following spells:

 Spells                   Type           Power      Damage    Failure   Level
 Freeze                   Ice            100%       1d11      1%          1
 Sting                    Tmut/Pois      100%       1d8       1%          1
 Passwall                 Tmut/Erth      40%        N/A       1%          2
 Poisonous Vapours        Pois/Air       98%        N/A       1%          2
 Call Canine Familiar     Summ           49%        N/A       1%          3
 Frozen Ramparts          Ice            100%       1d12      1%          3
 Ozocubu's Armour         Ice            63%        N/A       1%          3
 Portal Projectile        Hex/Tloc       98%        N/A       1%          3
 Spider Form              Tmut/Pois      49%        N/A       1%          3
 Swiftness                Air            49%        N/A       1%          3
 Leda's Liquefaction      Hex/Erth       24%        N/A       1%          4


Dungeon Overview and Level Annotations

Branches:
Dungeon (11/15)            Temple (1/1) D:4            Lair (0/6) D:10
  Sewer (visited)         Gauntlet (1/1)
    Orc: D:9-12

Altars:
Cheibriados
Elyvilon
Fedhas
Gozag
Hepliaklqana
Kikubaaqudgha
Makhleb
Okawaru
Qazlal
Uskayaw
Xom
Yredelemnul
Zin
The Shining One
Beogh

Shops:
D:3 !(=

Annotations:
D:8 2 transporters, freelancePsychic's ghost, novice DjWr Gauntlet 6 transporters, 17 runed translucent doors


Innate Abilities, Weirdness & Mutations

You have very sharp teeth.
Your uncanny sense of smell can sniff out nearby items.
Your experience applies equally to all skills.


Message History

A minotaur comes into view.
It is wielding the +8 hand axe of the Pariah {vamp, MP-9 Str+7}, wearing the +0 fire dragon scales "Demm" {rF++ rC- rN+ Dex+3} and quivering silver javelins.
Found a runed whip.
Found a gate leading back out of this place.
Aiming: Paralyse
Press: ? - help, Shift-Dir - straight line, f - minotaur
Aim: a minotaur, wielding the +8 hand axe of the Pariah {vamp, MP-9 Str+7}, wearing the +0 fire dragon scales "Demm" {rF++ rC- rN+ Dex+3}, wearing an amulet of faith and quivering silver javelins (chance to affect: 7%)
Okay, then.
Okay, then.
Okay, then.
A red film seems to cover your vision as you go berserk!
Cheibriados forces you to slow down.
You feel mighty!
You feel a strong urge to attack something.
The minotaur hits you with the +8 hand axe of the Pariah {vamp, MP-9 Str+7}!
The minotaur gores you!
There is an open door, spattered with blood here.
You puncture the minotaur! Your punch misses the minotaur.
The minotaur is lightly wounded.
Your +6 spear of Regicide {spect, rN+ rCorr Dex+4} barely misses the minotaur.
The minotaur hits you with the +8 hand axe of the Pariah {vamp, MP-9 Str+7}!!
The minotaur draws strength from your wounds!
The minotaur completely misses you.
You hit the minotaur but do no damage.
The minotaur is lightly wounded.
Your +6 spear of Regicide {spect, rN+ rCorr Dex+4} hits the minotaur from afar!
The minotaur hits you with the +8 hand axe of the Pariah {vamp, MP-9 Str+7}!!!
* * * LOW HITPOINT WARNING * * *
The minotaur gores you.
* * * LOW HITPOINT WARNING * * *
You puncture the minotaur!
The minotaur is moderately wounded.
Your +6 spear of Regicide {spect, rN+ rCorr Dex+4} hits the minotaur but does no damage.
You swap places.
The minotaur misses you. The minotaur gores you.
* * * LOW HITPOINT WARNING * * *
You hit the minotaur but do no damage.
You punch the minotaur, but do no damage.
The minotaur is moderately wounded.
Your +6 spear of Regicide {spect, rN+ rCorr Dex+4} hits the minotaur but does no damage.
The minotaur hits you with the +8 hand axe of the Pariah {vamp, MP-9 Str+7}!!
You die...

## ..##.##...#..#©.#. ..
#.##....8.#..#$.##
#.##....##...#..#[##.
...##.##.8.#..#..#.
#.##......#..#...#
#....##...#..#####
######.##.##.©.#≈......
#∩...H.##......#∩......
######@(..##.©.#≈......
#....##.##...#..#####
#....##.##......#..#...+
..## #....##.8.#..#...+
..##.##...#..#..##
#.##....8.#..#(.'.
#....##...#..#§.÷. ###
#§8≈#..#..÷.
#####..#..##


You could see a minotaur and a friendly +6 spear of Regicide {spect, rN+ rCorr
Dex+4} (summoned).

Vanquished Creatures
  A dire elephant (Gauntlet)
  Harold (D:8)
  Erica (D:9)
  3 two-headed ogres
  3 elephants (Gauntlet)
  A centaur zombie (D:10)
  A torpor snail (Gauntlet)
  An unseen horror (D:11)
  Psyche (D:8)
  Maggie (D:7)
  2 trolls (D:10)
  A hornet (D:9)
  4 flying skulls (Gauntlet)
  4 yaks (D:9)
  A wraith (D:9)
  Sigmund (D:2)
  A wyvern (D:8)
  A steam dragon (D:6)
  Edmund (D:6)
  6 water moccasins
  2 acid dragons
  2 sky beasts (D:7)
  An ice beast (D:5)
  4 orc warriors
  4 black bears
  An ogre (D:6)
  6 wolves (Gauntlet)
  7 centaurs
  3 kobold brigands
  A phantom (D:7)
  3 bullfrogs
  A scorpion (D:10)
  8 killer bees (D:9)
  8 wights
  3 howler monkeys
  A bullfrog zombie (D:6)
  2 hounds
  Crazy Yiuf (D:3)
  4 centaur skeletons
  3 orc priests
  A bullfrog skeleton (D:5)
  Ijyb (D:3)
  3 iguanas
  6 orc wizards
  A killer bee zombie (D:7)
  A howler monkey zombie (D:5)
  3 gnolls (D:5)
  7 adders
  A shadow imp (D:6)
  A white imp (D:8)
  2 worms
  4 dart slugs
  32 orcs
  8 bats
  3 endoplasms
  3 giant cockroaches
  9 goblins
  6 hobgoblins
  9 quokkas
  4 ball pythons
  7 frilled lizards
  23 kobolds
  7 rats
243 creatures vanquished.

Vanquished Creatures (others)
  24 fungi
  26 plants (D:10)
50 creatures vanquished.

Grand Total: 293 creatures vanquished

Notes
Turn   | Place    | Note
-------+----------+-------------------------------------------
     0 | D:1      | Clumpoid the Gnoll Ice Elementalist began the quest for the
                  | Orb.
     0 | D:1      | Reached XP level 1. HP: 13/13 MP: 6/6
   194 | D:1      | Reached XP level 2. HP: 19/19 MP: 4/7
   669 | D:1      | Found a glowing golden altar of the Shining One.
   798 | D:1      | Reached XP level 3. HP: 21/25 MP: 3/9
   943 | D:2      | Reached skill level 5 in Spellcasting
  1287 | D:2      | Reached skill level 1 in Invocations
  1407 | D:2      | Noticed Sigmund
  1427 | D:2      | Killed Sigmund
  1428 | D:2      | Reached skill level 1 in Fighting
  1428 | D:2      | Reached skill level 1 in Short Blades
  1428 | D:2      | Reached skill level 1 in Long Blades
  1428 | D:2      | Reached skill level 1 in Axes
  1428 | D:2      | Reached skill level 1 in Maces & Flails
  1428 | D:2      | Reached skill level 1 in Polearms
  1428 | D:2      | Reached skill level 1 in Staves
  1428 | D:2      | Reached skill level 1 in Slings
  1428 | D:2      | Reached skill level 1 in Bows
  1428 | D:2      | Reached skill level 1 in Crossbows
  1428 | D:2      | Reached skill level 1 in Throwing
  1428 | D:2      | Reached skill level 1 in Armour
  1428 | D:2      | Reached skill level 1 in Shields
  1428 | D:2      | Reached skill level 1 in Unarmed Combat
  1428 | D:2      | Reached skill level 1 in Conjurations
  1428 | D:2      | Reached skill level 1 in Hexes
  1428 | D:2      | Reached skill level 1 in Summonings
  1428 | D:2      | Reached skill level 1 in Necromancy
  1428 | D:2      | Reached skill level 1 in Translocations
  1428 | D:2      | Reached skill level 1 in Transmutations
  1428 | D:2      | Reached skill level 1 in Fire Magic
  1428 | D:2      | Reached skill level 1 in Air Magic
  1428 | D:2      | Reached skill level 1 in Earth Magic
  1428 | D:2      | Reached skill level 1 in Poison Magic
  1428 | D:2      | Reached skill level 1 in Evocations
  1428 | D:2      | Reached XP level 4. HP: 7/32 MP: 1/11
  1428 | D:2      | Reached XP level 5. HP: 8/37 MP: 1/12
  1873 | D:2      | Reached XP level 6. HP: 44/44 MP: 11/13
  1933 | D:2      | Learned a level 4 spell: Hailstorm
  2014 | D:2      | Found a shimmering altar of Xom.
  2044 | D:2      | Noticed a floating eye
  2046 | D:2      | Found a faded altar of an unknown god.
  2048 | D:2      | Noticed a shining eye
  2048 | D:2      | Noticed a great orb of eyes
  2048 | D:2      | Noticed a shining eye
  2276 | D:2      | Reached skill level 8 in Ice Magic
  2276 | D:2      | Reached skill level 5 in Invocations
  2276 | D:2      | Reached XP level 7. HP: 55/55 MP: 13/17
  2370 | D:3      | Found Cobuabak's Jewellery Boutique.
  2711 | D:3      | Identified the +6 short sword "Earthworm" {elec, Fly rCorr
                  | Str+3 Int-5}
  2713 | D:3      | Found Remexoefit's Distillery.
  2713 | D:3      | Noticed Ijyb
  2723 | D:3      | Paralysed by Ijyb for 3 turns
  2727 | D:3      | Killed Ijyb
  2844 | D:3      | Found Ynlutewu's Antique Weapon Shop.
  2857 | D:3      | Identified the +6 spear of Regicide {spect, rN+ rCorr
                  | Dex+4}
  3278 | D:3      | Found a runed translucent door.
  3279 | D:3      | Noticed Crazy Yiuf
  3291 | D:3      | Killed Crazy Yiuf
  3295 | D:3      | Identified the +4 mace of Ignis's Generosity {holy, +Blink
                  | rCorr Dex-4}
  3680 | D:4      | Found a staircase to the Ecumenical Temple.
  3742 | Temple   | Entered the Ecumenical Temple
  3843 | Temple   | Became a worshipper of Cheibriados the Contemplative
  4077 | D:4      | Reached skill level 5 in Fighting
  4077 | D:4      | Reached skill level 5 in Short Blades
  4077 | D:4      | Reached skill level 5 in Long Blades
  4077 | D:4      | Reached skill level 5 in Axes
  4077 | D:4      | Reached skill level 5 in Maces & Flails
  4077 | D:4      | Reached skill level 5 in Polearms
  4077 | D:4      | Reached skill level 5 in Staves
  4077 | D:4      | Reached skill level 5 in Slings
  4077 | D:4      | Reached skill level 5 in Bows
  4077 | D:4      | Reached skill level 5 in Crossbows
  4077 | D:4      | Reached skill level 5 in Throwing
  4077 | D:4      | Reached skill level 5 in Armour
  4077 | D:4      | Reached skill level 5 in Shields
  4077 | D:4      | Reached skill level 5 in Unarmed Combat
  4077 | D:4      | Reached skill level 5 in Evocations
  4233 | D:4      | Found a basalt altar of Yredelemnul.
  4519 | D:5      | Entered Level 5 of the Dungeon
  4740 | D:5      | Reached XP level 8. HP: 62/62 MP: 18/18
  5000 | D:5      | Reached * piety under Cheibriados
  5296 | D:6      | Noticed Edmund
  5305 | D:6      | Killed Edmund
  5310 | D:6      | Found a glowing drain.
  5320 | Sewer    | Entered a sewer
  5496 | D:6      | Reached XP level 9. HP: 24/68 MP: 20/20
  5891 | D:6      | Reached ** piety under Cheibriados
  6316 | D:6      | Learned a level 2 spell: Ensorcelled Hibernation
  6658 | D:7      | Noticed Maggie
  6671 | D:7      | Killed Maggie
  6703 | D:7      | Learned a level 4 spell: Olgreb's Toxic Radiance
  8151 | D:8      | Noticed Psyche
  8158 | D:8      | Killed Psyche
  8159 | D:8      | Reached XP level 10. HP: 49/76 MP: 14/21
  8294 | D:8      | Noticed freelancePsychic's ghost (novice DjWr)
  8294 | D:8      | Noticed a moth of wrath
  8322 | D:8      | Noticed Harold
  8339 | D:8      | Killed Harold
  8495 | D:8      | Found a transporter.
  8632 | D:8      | Found a transporter.
  8935 | D:9      | Reached skill level 5 in Conjurations
  8935 | D:9      | Reached skill level 5 in Hexes
  8935 | D:9      | Reached skill level 5 in Summonings
  8935 | D:9      | Reached skill level 5 in Necromancy
  8935 | D:9      | Reached skill level 5 in Translocations
  8935 | D:9      | Reached skill level 5 in Transmutations
  8935 | D:9      | Reached skill level 5 in Fire Magic
  8935 | D:9      | Reached skill level 5 in Air Magic
  8935 | D:9      | Reached skill level 5 in Earth Magic
  8935 | D:9      | Reached skill level 5 in Poison Magic
  8940 | D:9      | Reached *** piety under Cheibriados
  9283 | D:9      | Noticed a two-headed ogre
  9294 | D:9      | Killed a two-headed ogre
  9646 | D:9      | Noticed a two-headed ogre
  9653 | D:9      | Killed a two-headed ogre
  9662 | D:9      | Reached XP level 11. HP: 44/82 MP: 23/23
  9693 | D:9      | Reached skill level 9 in Ice Magic
 10085 | D:9      | Noticed Erica
 10105 | D:9      | Killed Erica
 10817 | D:10     | Entered Level 10 of the Dungeon
 10978 | D:10     | Noticed a two-headed ogre
 10981 | D:10     | Killed a two-headed ogre
 11176 | D:10     | Reached **** piety under Cheibriados
 11519 | D:10     | Found a staircase to the Lair.
 12099 | D:11     | Found a gate leading to a gauntlet.
 12108 | Gauntlet | Entered a Gauntlet
 12108 | Gauntlet | Found a transporter.
 12108 | Gauntlet | Found a transporter.
 12113 | Gauntlet | Found a transporter.
 12116 | Gauntlet | Found a transporter.
 12116 | Gauntlet | Found a transporter.
 12128 | Gauntlet | Found a transporter.
 12130 | Gauntlet | Found a transporter.
 12132 | Gauntlet | Found a large runed translucent door.
 12133 | Gauntlet | Found a large runed translucent door.
 12134 | Gauntlet | Found a large runed translucent door.
 12134 | Gauntlet | Found a large runed translucent door.
 12134 | Gauntlet | Found a runed translucent door.
 12134 | Gauntlet | Found a runed translucent door.
 12135 | Gauntlet | Found a large runed translucent door.
 12135 | Gauntlet | Found a large runed translucent door.
 12135 | Gauntlet | Found a large runed translucent door.
 12135 | Gauntlet | Found a large runed translucent door.
 12136 | Gauntlet | Found a large runed translucent door.
 12136 | Gauntlet | Found a large runed translucent door.
 12137 | Gauntlet | Found a large runed translucent door.
 12137 | Gauntlet | Found a large runed translucent door.
 12138 | Gauntlet | Found a runed translucent gate.
 12138 | Gauntlet | Found a runed translucent gate.
 12138 | Gauntlet | Found a runed translucent gate.
 12139 | Gauntlet | Noticed a dire elephant
 12140 | Gauntlet | Found a transporter.
 12151 | Gauntlet | Found a large runed translucent door.
 12152 | Gauntlet | Found a large runed translucent door.
 12161 | Gauntlet | Found a large runed translucent door.
 12161 | Gauntlet | Found a large runed translucent door.
 12183 | Gauntlet | Found a transporter.
 12243 | Gauntlet | Found a transporter.
 12249 | Gauntlet | Found a transporter.
 12264 | Gauntlet | Found a transporter.
 12337 | Gauntlet | Reached ***** piety under Cheibriados
 12740 | Gauntlet | Reached XP level 12. HP: 37/91 MP: 1/24
 12742 | Gauntlet | Killed a dire elephant
 12745 | Gauntlet | Identified the ring "Rugad" {Wiz rElec rPois rN+ Stlth+}
 12956 | Gauntlet | Identified the +8 hand axe of the Pariah {vamp, MP-9 Str+7}
 12956 | Gauntlet | Identified the +0 fire dragon scales "Demm" {rF++ rC- rN+
                  | Dex+3}
 12956 | Gauntlet | Noticed a minotaur
 12963 | Gauntlet | Mangled by a minotaur

Illustrated notes

Levels and vault maps discovered:
D:1:      dpeg_arrival_round_b, layout_basic, minmay_hexomino_r4
D:2:      layout_loops_ring, basic_altar,
          hellmonk_ecumenical_altar_watching_god, uniq_sigmund
D:3:      layout_loops_ring, serial_shops, shop, shop, nicolae_lakefront_shop,
          kennysheep_orc_chapel, uniq_crazy_yiuf_cottage, uniq_ijyb
D:4:      layout_basic, lemuel_coloured_pillars_altar, minmay_temple_entry_glass
D:5:      layout_loops_ring, glass_columns_b
D:6:      layout_loops_cross, portal_sewer_entry_f, uniq_edmund
D:7:      layout_basic, serial_co_window_serial, co_window_of_opportunity_a,
          co_window_paths_a, co_window_corner_a, co_window_cross_1,
          co_window_corner_a, co_window_paths_a, co_window_of_opportunity_b,
          co_window_paths_c, co_window_broadway_c, co_window_paths_c,
          glass_columns_a, glass_columns_c, glass_columns_a, glass_columns_a,
          glass_columns_b, uniq_maggie
D:8:      layout_cave_pools, serial_glass, glass_columns_b, glass_columns_b,
          gammafunk_ghost_berserking_beasts, uniq_psyche, uniq_harold
D:9:      layout_stronghold, uniq_erica
D:10:     layout_basic, due_lair_maze_entry_diamond, enter_bailey_4,
          st_stairs_11
D:11:     layout_basic, gauntlet_entry_generic,
          nicolae_ru_great_annihilating_truth
Temple:   mainiacjoe_temple_archimedes_tessellation
Gauntlet: gammafunk_gauntlet_hard_choice [gammafunk_gauntlet_arena_spirals,
          gammafunk_gauntlet_arena_grid, gammafunk_gauntlet_arena_teeth,
          nicolae_gauntlet_arena_x, minmay_gauntlet_arena_make_your_own_arena,
          gammafunk_gauntlet_arena_chambers, gauntlet_exit_green]

Skill      XL: |  1  2  3  4  5  6  7  8  9 10 11 12 |
---------------+-------------------------------------+-----
Spellcasting   | 5 7 8 |  8.9
Invocations    | 1 5 6 7 8 |  8.0
Fighting       | 1 4 5 6 7 |  7.3
Short Blades   | 1 4 5 6 7 |  7.3
Long Blades    | 1 4 5 6 7 |  7.3
Axes           | 1 4 5 6 7 |  7.3
Maces & Flails | 1 4 5 6 7 |  7.3
Polearms       | 1 4 5 6 7 |  7.3
Staves         | 1 4 5 6 7 |  7.3
Slings         | 1 4 5 6 7 |  7.3
Bows           | 1 4 5 6 7 |  7.3
Crossbows      | 1 4 5 6 7 |  7.3
Throwing       | 1 4 5 6 7 |  7.3
Armour         | 1 4 5 6 7 |  7.3
Shields        | 1 4 5 6 7 |  7.3
Unarmed Combat | 1 4 5 6 7 |  7.3
Conjurations   | 1 4 5 6 |  6.0
Hexes          | 1 4 5 6 |  6.0
Summonings     | 1 4 5 6 |  6.0
Necromancy     | 1 4 5 6 |  6.0
Translocations | 1 4 5 6 |  6.0
Transmutations | 1 4 5 6 |  6.0
Fire Magic     | 1 4 5 6 |  6.0
Air Magic      | 1 4 5 6 |  6.0
Earth Magic    | 1 4 5 6 |  6.0
Poison Magic   | 1 4 5 6 |  6.0
Evocations     | 1 4 5 6 7 |  7.3
Dodging        | 6 7 8 |  8.7
Stealth        | 6 7 8 |  8.5
Ice Magic      | 8 9 |  9.4

Action                   |  1- 3 |  4- 6 |  7- 9 | 10-12 || total
-------------------------+-------+-------+-------+-------++-------
Melee: Unarmed           |     7 |       |       |       ||     7
       Scythe            |       |     2 |     1 |       ||     3
       Spear             |       |       |   213 |   225 ||   438
       Bite              |       |       |    16 |    32 ||    48
       Punch             |       |       |     3 |    12 ||    15
 Cast: Freeze            |    52 |    21 |    12 |       ||    85
       Hailstorm         |       |       |     7 |       ||     7
       Olgreb's Toxic Ra |       |       |     3 |    30 ||    33
       Ensorcelled Hiber |       |       |     2 |       ||     2
Invok: Slouch            |       |       |       |     1 ||     1
  Use: Scroll            |     2 |     2 |     8 |     4 ||    16
       Potion            |     1 |     1 |     4 |     3 ||     9
 Stab: Sleeping          |       |     1 |     4 |     8 ||    13
       Distracted        |       |       |     5 |     3 ||     8
Armor: Robe              |     6 |     2 |     2 |       ||    10
       Chain mail        |       |       |    44 |       ||    44
       Steam dragon scal |       |       |     6 |    52 ||    58
Dodge: Dodged            |    26 |    11 |    52 |   274 ||   363

Table legend: (Time is in decaauts)
 A = Elapsed time spent in this place.
 B = Non-inter-level travel time spent in this place.
 C = Inter-level travel time spent in this place.
 D = Time resting spent in this place.
 E = Time spent auto-exploring this place.
 F = Levels seen in this place.
 G = Mean time per level.
                   A        B        C        D        E       F      G
               +--------+--------+--------+--------+--------+-----+--------+
         Total |  15711 |  14680 |   1031 |   2225 |  10436 |  14 | 1122.2 |
       Dungeon |  14283 |  13352 |    931 |   1841 |   9883 |  11 | 1298.5 |
        Temple |    202 |    102 |    100 |      0 |     84 |   1 |  202.0 |
         Sewer |    143 |    143 |      0 |      0 |    109 |   1 |  143.0 |
      Gauntlet |   1082 |   1082 |      0 |    384 |    359 |   1 | 1082.0 |
               +--------+--------+--------+--------+--------+-----+--------+

Top non-repeatable levels by time:
     D:9: 2572 daAuts
     D:7: 1879 daAuts
    D:10: 1681 daAuts
     D:3: 1521 daAuts
     D:2: 1409 daAuts
     D:6: 1227 daAuts
Gauntlet: 1082 daAuts
     D:5: 1010 daAuts
     D:4: 997 daAuts
     D:8: 990 daAuts
     D:1: 937 daAuts
  Temple: 202 daAuts
   Sewer: 143 daAuts
    D:11: 55 daAuts
